 Dungeon Crawl Stone Soup version 0.28.0 (webtiles) character file.

Game seed: 644159542954692330

3260 HallandMoats the Skirmisher (level 10, 0/88 HPs)
             Began as a Ghoul Fighter on Feb 8, 2022.
             Was a High Priest of Jiyva.
             Slain by a yak (14 damage)
             ... on level 8 of the Dungeon.
             The game lasted 00:09:10 (5430 turns).

HallandMoats the Skirmisher (Ghoul Fighter)         Turns: 5430, Time: 00:09:11

Health: 0/88       AC:  7    Str: 21    XL:     10   Next: 0%
Magic:  23/23      EV: 10    Int:  5    God:    Jiyva [*****.]
Gold:   229        SH:  5    Dex: 10    Spells: 9/9 levels left

rFire   . . .      SeeInvis .   a - +3 spear (freeze)
rCold   + + .      Faith    .   c - +0 buckler
rNeg    + + +      Spirit   .   b - +0 scale mail
rPois   ∞          Reflect  .   (no helmet)
rElec   .          Harm     .   (no cloak)
rCorr   +          Rampage  .   (no gloves)
Will    .....                   (no boots)
Stlth   ..........              (no amulet)
HPRegen 1.44/turn               s - ring of protection from cold
MPRegen 0.63/turn               o - ring of magical power

@: inhibited regen
A: claws 1, cold resistance 1, negative energy resistance 3, inhibited
regeneration, torment resistance 2
a: Renounce Religion, Oozemancy, Slimify


You were on level 8 of the Dungeon.
You worshipped Jiyva.
Jiyva was extremely pleased with you.
You visited 1 branch of the dungeon, and saw 8 of its levels.

You collected 229 gold pieces.

Inventory:

Hand Weapons
 a - a +3 spear of freezing (weapon)
 p - a +4 spear
Armour
 b - a +0 scale mail (worn)
 c - a +0 buckler (worn)
Jewellery
 o - a ring of magical power (right claw)
 s - a ring of protection from cold (left claw)
Scrolls
 e - 3 scrolls of teleportation {unknown}
 f - a scroll of fear {unknown}
 g - a scroll of immolation {unknown}
 j - a scroll of amnesia {unknown}
 k - 4 scrolls of identify {unknown}
 m - a scroll of brand weapon {unknown}
 n - 2 scrolls of silence {unknown}
 q - a scroll of blinking {unknown}
 r - a scroll of torment {unknown}
 u - a scroll of enchant weapon {unknown}
Potions
 d - a potion of might
 h - a potion of curing {unknown}
 i - 2 potions of cancellation {unknown}
 l - 2 potions of lignification {unknown}
 t - 2 potions of heal wounds {unknown}


   Skills:
 * Level 7.8 Fighting
 * Level 6.2 Polearms
 + Level 4.9 Armour
 + Level 3.8 Dodging
 + Level 4.9 Shields
 * Level 6.9 Invocations


You had 9 spell levels left.
You didn't know any spells.
Your spell library was empty.

Dungeon Overview and Level Annotations

Branches:
Dungeon (8/15)             Temple (0/1) D:6
   Lair: D:8-11

Altars:
Nemelex Xobeh
Jiyva

Shops:
D:5 (

Portals:
Sewer: D:3


Innate Abilities, Weirdness & Mutations

You thrive by killing the living.
You are immune to poison.
You have sharp fingernails.
Your flesh is cold resistant. (rC+)
You are immune to negative energy. (rN+++)
You do not regenerate when monsters are visible.
You are immune to unholy pain and torment.


Message History

The kobold brigand is severely wounded.
The kobold brigand hits you but does no damage.
You closely miss the kobold brigand.
The kobold brigand is severely wounded.
You hit the kobold brigand. You freeze the kobold brigand.
The kobold brigand is almost dead.
The kobold brigand hits you with a +0 dagger.
You puncture the kobold brigand! You freeze the kobold brigand.
You kill the kobold brigand!
The kobold throws a stone.
You block the stone.
You have reached level 10!
You feel stronger.
You barely miss the kobold. You block the kobold's attack.
You puncture the kobold! You freeze the kobold.
You kill the kobold!
You hit the kobold but do no damage.
Jiyva gurgles merrily.
You completely miss the yak.
The yak is moderately wounded.
You hit the yak. You freeze the yak.
The yak is moderately wounded.
The yak gores you!
You hit the yak. You freeze the yak.
The yak is heavily wounded.
The kobold hits something with a +0 dagger.
The kobold is burned by acid!
The kobold dies!
The yak gores you!
* * * LOW HITPOINT WARNING * * *
You hit the yak. You freeze the yak.
The yak is heavily wounded.
You closely miss the yak.
The yak is heavily wounded.
The yak gores you!
* * * LOW HITPOINT WARNING * * *
You hear a slurping noise.
You puncture the yak! You freeze the yak.
The yak is almost dead.
The yak gores you!
You die...

## ## #####.
... #..... #.#
..... #.# .(.
..# #.#J#K###.#
#....KY@..# #
#..#####J.# .#
#..###.#
#......###
#.........
.#####.........
........###.###
....##..# #.# .
### #..# #.#


You could see a yak, 2 kobolds and 2 neutral jellies(fellow slime).

Vanquished Creatures
  4 yaks (D:8)
  Menkaure (D:6)
  A water moccasin (D:8)
  3 ice beasts
  A black bear (D:7)
  3 sky beasts (D:7)
  A necrophage (D:5)
  2 centaurs
  2 phantoms
  4 kobold brigands
  A bullfrog (D:8)
  2 scorpions
  12 wights
  2 howler monkeys (D:6)
  A bullfrog zombie (D:5)
  An orc priest (D:5)
  2 hounds
  3 bullfrog skeletons
  A centaur skeleton (D:4)
  Jessica (D:2)
  3 iguanas
  Natasha (D:2)
  A hound zombie (D:5)
  A hound skeleton (D:5)
  4 gnolls (D:7)
  4 adders
  A white imp (D:5)
  2 ufetubi
  An adder skeleton (D:4)
  2 dart slugs (D:2)
  13 orcs
  3 bats
  An endoplasm (D:1)
  3 giant cockroaches
  2 goblins (D:3)
  4 hobgoblins
  3 jackals
  3 quokkas
  7 ball pythons
  11 kobolds
  4 rats
122 creatures vanquished.

Vanquished Creatures (others)
  A black bear (D:6)
  A sky beast (D:5)
  A scorpion (D:3)
  10 jellies
  A howler monkey (D:8)
  Natasha (twice) (D:2)
  Robin (D:2)
  3 adders
  3 worms
  2 orcs
  A ball python (D:3)
  2 bats
  An endoplasm (D:3)
  10 goblins
  3 hobgoblins (D:2)
  3 jackals
  4 kobolds
  A quokka (D:2)
  2 plants (D:2)
52 creatures vanquished.

Grand Total: 174 creatures vanquished

Notes
Turn   | Place    | Note
-------+----------+-------------------------------------------
     0 | D:1      | HallandMoats the Ghoul Fighter began the quest for the Orb.
     0 | D:1      | Reached XP level 1. HP: 19/19 MP: 0/0
   334 | D:1      | Reached XP level 2. HP: 26/26 MP: 1/1
   401 | D:1      | Found a faded altar of an unknown god.
   425 | D:1      | Prayed at the altar of an unknown god.
   425 | D:1      | Became a worshipper of Jiyva Jiudoywi the Shapeless
   425 | D:1      | Reached * piety under Jiyva
   539 | D:1      | Reached skill level 1 in Invocations
   848 | D:2      | Noticed Jessica
   857 | D:2      | Killed Jessica
   858 | D:2      | Reached XP level 3. HP: 28/33 MP: 1/3
   968 | D:2      | Reached XP level 4. HP: 34/40 MP: 4/4
  1014 | D:2      | Killed Robin
  1084 | D:2      | Reached ** piety under Jiyva
  1302 | D:2      | Noticed Natasha
  1317 | D:2      | Killed Natasha
  1351 | D:2      | Killed Natasha
  1383 | D:2      | Killed Natasha
  1845 | D:3      | Reached skill level 4 in Fighting
  1856 | D:3      | Killed a scorpion
  1868 | D:3      | Reached *** piety under Jiyva
  2034 | D:3      | Found a glowing drain.
  2312 | D:4      | Noticed a scorpion
  2343 | D:4      | Killed a scorpion
  2344 | D:4      | Reached skill level 1 in Dodging
  2344 | D:4      | Reached XP level 5. HP: 45/46 MP: 5/5
  2378 | D:4      | Noticed an ice beast
  2407 | D:4      | Killed an ice beast
  2408 | D:4      | Reached XP level 6. HP: 40/53 MP: 5/7
  2507 | D:4      | Reached **** piety under Jiyva
  2594 | D:4      | Found a sparkling altar of Nemelex Xobeh.
  2680 | D:5      | Entered Level 5 of the Dungeon
  2760 | D:5      | HP: 1/53 [iguana (8)]
  2862 | D:5      | Reached XP level 7. HP: 58/60 MP: 8/8
  2896 | D:5      | Reached skill level 5 in Fighting
  2970 | D:5      | Found Fonor's Antique Weapon Emporium.
  3362 | D:5      | Reached XP level 8. HP: 46/69 MP: 10/10
  3493 | D:6      | Noticed Menkaure
  3528 | D:6      | Reached skill level 6 in Fighting
  3543 | D:6      | Killed Menkaure
  3561 | D:6      | Reached skill level 5 in Invocations
  3922 | D:6      | Reached skill level 5 in Polearms
  4050 | D:6      | Reached XP level 9. HP: 37/78 MP: 12/12
  4093 | D:6      | Reached ***** piety under Jiyva
  4216 | D:6      | Found a staircase to the Ecumenical Temple.
  4851 | D:7      | Reached skill level 7 in Fighting
  5422 | D:8      | Reached XP level 10. HP: 31/88 MP: 14/14
  5430 | D:8      | Slain by a yak

Illustrated notes

Levels and vault maps discovered:
D:1:      ncdulo_watergridlock, layout_basic, hellmonk_ecumenical_altar_run_dry
D:2:      layout_loops_corners, chequers_serial_rivers_small_a,
          minmay_shallow_snake_nest, uniq_jessica, uniq_robin, uniq_natasha
D:3:      layout_basic, cheibrodos_sewer_entry_bend, grunt_ministairs_13
D:4:      layout_rooms, nemelex_diamond_rough_becter
D:5:      layout_rooms, serial_shops, nicolae_shop_window_shopping,
          chequers_serial_rivers_large_a
D:6:      layout_cave_pools, minmay_temple_entry_mist, serial_column_ruins,
          column_ruins_grid_5, column_ruins_open_small_water,
          column_ruins_open_medium, column_ruins_open_tiny,
          column_ruins_corridor_straight, column_ruins_grid_1,
          column_ruins_open_tiny, column_ruins_grid_3, st_stairs_11,
          uniq_menkaure
D:7:      layout_basic, nrook_campfire
D:8:      layout_loops_ring, kennysheep_mini_moat

Skill      XL: |  1  2  3  4  5  6  7  8  9 |
---------------+----------------------------+-----
Polearms       | 2 3 4 5 6 |  6.2
Invocations    | 1 2 3 4 5 6 |  6.9
Armour         | 3 4 |  4.9
Shields        | 3 4 |  4.9
Fighting       | 4 5 6 7 |  7.8
Dodging        | 1 2 3 |  3.8

Action                   |  1- 3 |  4- 6 |  7- 9 | 10-12 || total
-------------------------+-------+-------+-------+-------++-------
Melee: Trident           |    63 |   152 |   332 |       ||   547
       Spear             |       |       |   227 |     9 ||   236
Armor: Scale mail        |    14 |    71 |   166 |       ||   251
Dodge: Dodged            |    18 |    67 |   259 |       ||   344
Block: Buckler           |    12 |    27 |   112 |     1 ||   152
